 Dungeon Crawl Stone Soup version 0.30.0-29-ga12c61a403 (webtiles) character file.

Game seed: 8453807181503561972

4117 Fodor the Protected (level 10, -2/86 HPs)
             Began as a Minotaur Fighter on June 14, 2023.
             Was an Initiate of Gozag.
             Killed from afar by Erica (28 damage)
             ... with a bolt of poison
             ... on level 8 of the Dungeon.
             The game lasted 00:43:56 (8092 turns).

Fodor the Protected (Minotaur Fighter)              Turns: 8092, Time: 00:43:57

Health: -2/86      AC: 17    Str: 23    XL:     10   Next: 6%
Magic:  9/9        EV: 10    Int:  5    God:    Gozag
Gold:   439        SH:  5    Dex: 12    Spells: 9/9 levels left

rFire   . . .        y - +2 flail (holy)
rCold   . . .        (no shield)
rNeg    . . .        x - +1 chain mail {Will+}
rPois   .            (helmet restricted)
rElec   .            t - +2 cloak
rCorr   .            C - +0 pair of gloves
SInv    .            (no boots)
Will    +....        k - amulet of reflection Stlth
                     (no ring)
HPRegen 0.34/turn    (no ring)
MPRegen 0.11/turn

%: reflection
@: lethally poisoned (-2 -> -16)
A: horns 2, retaliatory headbutt
a: Renounce Religion, Potion Petition, Call Merchant, Bribe Branch


You were on level 8 of the Dungeon.
You worshipped Gozag.
Gozag was aware of your devotion.
You visited 2 branches of the dungeon, and saw 9 of its levels.
You also visited: Ossuary.

You collected 984 gold pieces.
You spent 459 gold pieces at shops.
You paid 86 gold pieces to Gozag.

Inventory:

Hand Weapons
 e - a +2 heavy shortbow
 q - a +2 short sword of speed
 y - a +2 flail of holy wrath (weapon)
Missiles
 b - 4 boomerangs (quivered)
 i - 14 stones
Armour
 c - a +1 buckler
 t - a +2 cloak (worn)
 x - a +1 chain mail of willpower (worn)
 C - a +0 pair of gloves (worn)
Jewellery
 k - an amulet of reflection (around neck)
 n - a ring of protection from cold
 r - a ring of willpower
Wands
 f - a wand of digging (5)
 l - a wand of iceblast (10)
Scrolls
 a - 2 scrolls of noise
 h - a scroll of poison
 j - a scroll of fear
 m - 2 scrolls of vulnerability
 s - a scroll of silence
 v - 5 scrolls of teleportation
 A - a scroll of immolation {unknown}
 B - 2 scrolls of enchant weapon
Potions
 d - a potion of might
 g - 3 potions of attraction
 o - a potion of magic {unknown}
 p - a potion of ambrosia {unknown}
 u - a potion of invisibility {unknown}
 w - a potion of curing
 z - 3 potions of flight


   Skills:
 + Level 7.3 Fighting
 + Level 7.0(7.4) Short Blades
 + Level 3.9(6.3) Long Blades
 + Level 4.4 Maces & Flails
 + Level 5.1 Ranged Weapons
 + Level 1.1 Throwing
 + Level 9.1 Armour
 + Level 4.1 Dodging
 + Level 1.2 Stealth
 + Level 7.0 Shields


You had 9 spell levels left.
You didn't know any spells.
Your spell library contained the following spells:

 Spells                   Type           Power      Damage    Failure   Level
 Beastly Appendage        Tmut           0%         N/A       94%         1
 Magic Dart               Conj           0%         1d3       94%         1
 Sandblast                Erth           0%         2d4       94%         1
 Slow                     Hex            0%         N/A       94%         1
 Ensorcelled Hibernation  Hex/Ice        0%         N/A       98%         2
 Passwall                 Tmut/Erth      0%         N/A       98%         2
 Scorch                   Fire           0%         2d5       98%         2
 Searing Ray              Conj           0%         2d4       98%         2
 Wereblood                Tmut           0%         N/A       98%         2
 Confusing Touch          Hex            0%         N/A       100%        3
 Ozocubu's Armour         Ice            0%         N/A       100%        3
 Spider Form              Tmut/Pois      0%         N/A       100%        3
 Stone Arrow              Conj/Erth      0%         3d7       100%        3
 Vampiric Draining        Necr           0%         2d6       100%        3
 Anguish                  Hex/Necr       0%         N/A       100%        4
 Flame Wave               Conj/Fire      0%         2d4       100%        4
 Fulminant Prism          Conj/Hex       0%         3d5       100%        4
 Summon Cactus Giant      Summ           0%         N/A       100%        6
 Ozocubu's Refrigeration  Ice            0%         4d7       100%        7


Dungeon Overview and Level Annotations

Branches:
Dungeon (8/15)             Temple (1/1) D:6         Ossuary (visited)
   Lair: D:8-11

Altars:
Ashenzari
Dithmenos
Elyvilon
Fedhas
Gozag
Hepliaklqana
Nemelex Xobeh
Okawaru
Qazlal
Sif Muna
Trog
Uskayaw
Wu Jian
Xom
Zin
The Shining One

Shops:
D:2 *   D:7 =(*   D:8 **

Annotations:
D:8 Erica


Innate Abilities, Weirdness & Mutations

You have a pair of horns on your head.
You reflexively headbutt those who attack you in melee.


Message History

Erica hits you with a +3 scimitar of flaming.
Erica burns you.
You hit Erica.
Erica is lightly wounded.
You feel sick. Erica hits you but does no damage.
Throw: 4 boomerangs
Press: ? - help, Q - select action, (/) - cycle Shift-Dir - straight line, f - Erica
Aim: Erica, wielding a +3 scimitar of flaming and wearing a +0 robe (lightly wounded, 57% to hit)
Okay, then.
Aiming: Iceblast
Press: ? - help, Shift-Dir - straight line, f - Erica
Aim: Erica, wielding a +3 scimitar of flaming and wearing a +0 robe (lightly wounded)
Okay, then.
As you read the scroll of fear, it crumbles to dust.
You assume a fearsome visage.
Erica looks frightened!
You feel sick.
Erica gestures wildly while chanting.
Erica flickers and vanishes!
Deactivating autopickup; reactivate with Ctrl-A.
You feel sick.
You feel sick.
You start resting.
You feel sick. x3
You are no longer poisoned.
There is a stone staircase leading up here.
You start resting.
Something tries to affect you, but you resist.
You start resting.
Something hits you. Something burns you.
You start resting.
Something hits you but does no damage.
You hit something but do no damage. Something hits you! Something burns you.
You hit something but do no damage. Your headbutt misses something.
Something hits you! Something burns you.
* * * LOW HITPOINT WARNING * * *
You hit something.
Something hits you but does no damage. x2
You sock something! You headbutt something.
You hear some strange, mumbled words.
A bolt of poison appears from out of thin air!
The bolt of poison hits you!!
You are poisoned.
You die...
Your body crumbles into a pile of gold.

...# #§≈§ #####
...#####..≈. ...
#.........§. #.# #...
..#.≈≈ ##.####.#####.#...
#<.............##.
#.#####.####.#.##. #.
#{#.....# #.#..#. #...
#@#.##..# #.##... #...
#.#.#...# #.###.# #... #.#
...## #.....# #...
#.####.#####......
#...##.................
..##.)...................#
............).............
...............).)..#.....
..###...........)).....≈§§


There were no monsters in sight!

Vanquished Creatures
  Pikel (D:6)
  The ghost of growler the Destroyer, a novice TeCj (D:7)
  Sigmund (D:5)
  3 yaks (D:7)
  2 steam dragons
  Menkaure (D:5)
  A water moccasin (D:7)
  2 sky beasts (D:7)
  An ice beast (D:5)
  An ogre (D:6)
  A centaur (D:6)
  2 phantoms (D:5)
  A lemure (D:6)
  Blork the orc (D:6)
  2 bullfrogs (D:6)
  2 scorpions
  4 elf skeletons (D:7)
  4 killer bees (D:7)
  5 hounds
  4 jellies
  3 orc priests
  A human skeleton (D:7)
  3 iguanas
  2 orc wizards (D:8)
  4 mummies (Ossuary)
  Robin (D:3)
  3 gnolls (D:7)
  8 adders
  A shadow imp (D:7)
  A white imp (D:7)
  3 ufetubi
  2 worms (D:2)
  4 dart slugs
  16 orcs
  2 endoplasms (D:1)
  A giant cockroach (D:3)
  3 gnoll zombies (Ossuary)
  29 goblins
  9 hobgoblins
  3 jackals (D:1)
  7 kobolds
  A quokka (D:3)
  10 ball pythons
  10 bats
  5 frilled lizards
  4 gnoll skeletons (Ossuary)
  4 goblin skeletons (Ossuary)
  11 goblin zombies (Ossuary)
  A hobgoblin skeleton (Ossuary)
  3 hobgoblin zombies (Ossuary)
  7 kobold skeletons (Ossuary)
  2 kobold zombies (Ossuary)
  6 orc skeletons (Ossuary)
  4 orc zombies
  12 rats
  3 rat skeletons (Ossuary)
  3 rat zombies (Ossuary)
232 creatures vanquished.

Notes
Turn   | Place    | Note
-------+----------+-------------------------------------------
     0 | D:1      | Fodor the Minotaur Fighter began the quest for the Orb.
     0 | D:1      | Reached XP level 1. HP: 19/19 MP: 0/0
   278 | D:1      | Reached XP level 2. HP: 27/27 MP: 1/1
   466 | D:1      | Reached skill level 4 in Armour
   734 | D:1      | Reached XP level 3. HP: 33/33 MP: 2/2
   891 | D:2      | Found a broken altar of Ashenzari.
  1234 | D:2      | Reached XP level 4. HP: 40/40 MP: 3/3
  1423 | D:2      | Found Yvveg Qafyd's Assorted Antiques.
  1469 | D:2      | Bought a scroll labelled GUDUIS JYNENELUAM for 23 gold
                  | pieces
  1472 | D:2      | Bought a scroll of identify for 46 gold pieces
  1616 | D:3      | Reached skill level 1 in Dodging
  1927 | D:3      | Noticed Robin
  1976 | D:3      | Killed Robin
  2235 | D:3      | Reached XP level 5. HP: 46/46 MP: 4/4
  2297 | D:3      | Reached skill level 1 in Short Blades
  2439 | D:4      | Reached skill level 1 in Ranged Weapons
  2565 | D:4      | Found a blossoming altar of Fedhas.
  2596 | D:4      | Reached XP level 6. HP: 46/53 MP: 5/5
  2674 | D:4      | Reached skill level 5 in Armour
  2966 | D:4      | HP: 2/53 [goblin/+0 club (4)]
  3216 | D:5      | Entered Level 5 of the Dungeon
  3620 | D:5      | Noticed Menkaure
  3628 | D:5      | Killed Menkaure
  3629 | D:5      | Reached skill level 1 in Stealth
  3629 | D:5      | Reached XP level 7. HP: 57/60 MP: 6/6
  3653 | D:5      | Reached skill level 5 in Fighting
  3775 | D:5      | Reached skill level 5 in Shields
  3900 | D:5      | Found a hide-covered altar of Uskayaw.
  4105 | D:5      | Reached skill level 1 in Throwing
  4283 | D:5      | Noticed Sigmund
  4314 | D:5      | Killed Sigmund
  4315 | D:5      | Reached skill level 5 in Short Blades
  4315 | D:5      | Reached skill level 6 in Armour
  4315 | D:5      | Reached XP level 8. HP: 51/68 MP: 7/7
  4889 | D:6      | Noticed Blork the orc
  4904 | D:6      | Killed Blork the orc
  4920 | D:6      | Noticed Pikel
  4960 | D:6      | Killed Pikel
  4961 | D:6      | Reached skill level 7 in Armour
  5348 | D:6      | Reached XP level 9. HP: 73/75 MP: 8/8
  5446 | D:6      | Found a shimmering blue altar of Sif Muna.
  5591 | D:6      | Found a staircase to the Ecumenical Temple.
  5598 | Temple   | Entered the Ecumenical Temple
  5811 | Temple   | Became a worshipper of Gozag Ym Sagoz the Greedy
  5848 | D:6      | Reached skill level 8 in Armour
  6031 | D:7      | Found a runed translucent door.
  6031 | D:7      | Noticed growler's ghost (novice TeCj)
  6185 | D:7      | Found a shimmering altar of Xom.
  6343 | D:7      | Killed growler's ghost
  6388 | D:7      | Found Feobigg's Jewellery Emporium.
  6414 | D:7      | Reached skill level 1 in Maces & Flails
  6690 | D:7      | Reached skill level 5 in Ranged Weapons
  6735 | D:7      | Found a sand-covered staircase.
  6745 | Ossuary  | Entered an ossuary
  7255 | D:7      | Found Jedoo's Assorted Antiques.
  7258 | D:7      | Bought a glowing cloak for 195 gold pieces
  7258 | D:7      | Bought a scroll of enchant weapon for 195 gold pieces
  7295 | D:7      | Found Usacraud's Weapon Boutique.
  7329 | D:7      | Reached skill level 9 in Armour
  7359 | D:7      | Reached XP level 10. HP: 27/86 MP: 9/9
  7715 | D:7      | Identified the +3 robe of the Other World {rC+ Stlth+}
  7737 | D:8      | Found a sparkling altar of Nemelex Xobeh.
  7755 | D:8      | Found Sohabeu's Specific Store.
  7756 | D:8      | Found Feorgh's General Store.
  8062 | D:8      | Noticed Erica
  8092 | D:8      | Killed from afar by Erica

Illustrated notes

Levels and vault maps discovered:
D:1:      giann_horns, layout_loops_ring, hangedman_abyss_or_decor_lesser_grid,
          corexii_hall_statues_u, serial_bayou_crossing
D:2:      kennysheep_the_goblin_king, layout_rooms, serial_shops, shop,
          basic_altar
D:3:      layout_basic, uniq_robin
D:4:      layout_loops_ring, fedhas_altar_1, hex_tiny
D:5:      layout_loops_corners, nicolae_overflow_crystal_walls, uniq_sigmund,
          uniq_menkaure
D:6:      layout_basic, mainiacjoe_overflow_alcove_4,
          minmay_temple_entry_butterflies, uniq_blork_the_orc, uniq_pikel
D:7:      layout_gridville, lemuel_tele_altar, serial_shops, shop,
          kennysheep_mini_moat, nicolae_stop_n_shop_2, gammafunk_ghost_grave,
          nicolae_ossuary_entry_catacombs, enter_bailey_5
D:8:      layout_basic, mainiacjoe_overflow_brackets,
          mainiacjoe_overflow_catwalk, old_standard_altar,
          amcnicky_altar_gilded, lair_entry_dummy, nicolae_specific_store,
          uniq_maurice, uniq_erica
Temple:   grunt_temple_mini_profane

Skill      XL: |  1  2  3  4  5  6  7  8  9 |
---------------+----------------------------+-----
Armour         | 4 5 6 7 9 |  9.1
Fighting       | 4 5 6 7 |  7.3
Long Blades    | 3 |  3.9
Shields        | 4 5 6 7 |  7.0
Dodging        | 1 2 3 4 |  4.1
Short Blades   | 2 4 5 6 7 |  7.0
Ranged Weapons | 2 5 |  5.1
Stealth        | 1 |  1.2
Throwing       | 1 |  1.1
Maces & Flails | 4 |  4.4

Action                     |  1- 3 |  4- 6 |  7- 9 | 10-12 || total
---------------------------+-------+-------+-------+-------++-------
  Melee: Long sword        |   101 |    15 |       |       ||   116
         Headbutt          |    13 |    51 |    66 |     6 ||   136
         Short sword       |       |   238 |   207 |       ||   445
         Flail             |       |       |   142 |    33 ||   175
         Punch             |       |       |     2 |       ||     2
   Fire: Sling             |       |    14 |       |       ||    14
         Shortbow          |       |       |    42 |       ||    42
  Throw: Throwing net      |       |     2 |       |       ||     2
         Boomerang         |       |       |       |     5 ||     5
    Use: Scroll            |       |     8 |     2 |     2 ||    12
         Potion            |       |     3 |     2 |     2 ||     7
   Stab: Distracted        |       |     1 |       |       ||     1
         Held in net/web   |       |     2 |       |       ||     2
 Armour: Scale mail        |    41 |       |       |       ||    41
         Chain mail        |    10 |    61 |   137 |    38 ||   246
  Dodge: Dodged            |    54 |    48 |   112 |    14 ||   228
  Block: Buckler           |    27 |    85 |    52 |       ||   164
         Reflection        |       |     6 |     5 |       ||    11
         Other             |       |       |    56 |     8 ||    64
